Map: [ESL] Dragon Scales

Players

Coffee

  • Race: Terran Terran
  • Spawn Location: 5:00

Firefly - Winner!

  • Race: Protoss Protoss
  • Spawn Location: 11:00

Event: ESL SC2 Masters 2023 Summer (Regionals)

VOD

Have the link to the VOD?

Description

Time

  • Played on: May 21, 2023, 7:45 a.m.
  • Length: 15:22

All games in this series

Show
View Real Time Build Order
Export as new Build Order

Coffee Terran 

Build Orders: Reaper Expand 

Get SALT Encoding   

  12  0:00  SCV  
  13  0:12  SCV  
  14  0:17  Supply Depot  
  14  0:24  SCV  
  15  0:38  SCV  
  15  0:40  Barracks  
  15  0:42  Refinery  
  16  0:50  SCV  
  17  1:03  SCV  
  18  1:15  SCV  
  19  1:27  Orbital Command, Reaper  
  20  1:43  Command Center  
  20  1:51  Supply Depot  
  21  1:54  SCV  
  21  1:59  Marine  
  22  2:06  SCV  
  23  2:09  Factory  
  23  2:19  SCV, Bunker  
  23  2:21  Barracks Reactor  
  24  2:24  Refinery  
  24  2:31  SCV  
  25  2:43  SCV  
  26  2:53  Hellion, Starport  
  26  2:55  Orbital Command  
  26  2:56  SCV  
  29  3:01  Marine x2  
  31  3:08  SCV  
  32  3:16  Factory Tech Lab  
  32  3:20  SCV  
  32  3:21  Marine x2  
  32  3:26  SCV  
  35  3:29  Supply Depot  
  35  3:33  SCV  
  36  3:39  Marine x2  
  41  3:42  Factory Tech Lab  
  41  3:47  Raven  
  40  3:48  Barracks  
  40  3:50  SCV x2  
  40  3:53  Supply Depot  
  42  3:59  Marine x2  
  42  4:00  Siege Tank  
  42  4:02  SCV x2  
  49  4:08  Refinery  
  49  4:14  SCV x2  
  49  4:16  Marine  
  49  4:17  Marine  
  52  4:19  Barracks  
  53  4:25  Engineering Bay  
  53  4:28  SCV x2  
  55  4:40  SCV x2  
  55  4:43  Stimpack, Supply Depot  
  55  4:44  Marauder, Marine x2  
  61  4:50  Terran Infantry Weapons Level 1  
  61  4:51  Supply Depot  
  61  4:52  SCV  
  62  4:57  Supply Depot  
  62  4:59  Starport Reactor, Factory Reactor  
  62  5:04  Marine x2, SCV  
  65  5:07  Supply Depot  
  65  5:09  SCV  
  66  5:14  Marauder x2  
  66  5:17  SCV, Combat Shield  
  69  5:22  SCV  
  69  5:24  Marine x2  
  69  5:28  Supply Depot  
  72  5:29  SCV  
  73  5:36  Medivac x2  
  73  5:37  Marauder  
  73  5:38  Marauder  
  73  5:41  Supply Depot  
  81  5:44  Widow Mine x2  
  81  5:46  SCV  
  81  5:47  SCV  
  87  5:57  Marine, Refinery, Supply Depot  
  87  5:58  Marine, Supply Depot  
  87  6:01  Marauder  
  91  6:04  Marauder  
  93  6:13  Medivac x2  
  93  6:18  Marine x2  
  99  6:26  Marauder x2  
  99  6:28  Widow Mine x2  
  99  6:31  Supply Depot  
  106  6:49  Marine x2, Marauder x2  
  106  6:52  Medivac x2  
  116  7:04  Command Center  
  110  7:11  Marine x2, Marauder x2  
  110  7:12  Widow Mine x2  
  116  7:27  SCV  
  116  7:28  SCV  
  118  7:31  Marine  
  118  7:32  Marauder  
  118  7:33  Marauder  
  105  7:44  SCV  
  95  7:48  Marine  
  95  7:49  Widow Mine  
  95  7:50  Widow Mine  
  95  7:51  SCV  
  91  7:52  Medivac  
  91  7:53  Medivac  
  91  7:54  Marauder x2  
  91  7:55  Terran Infantry Armor Level 1  
  91  7:56  SCV  
  91  7:58  Barracks x2  
  100  8:05  Armory  
  100  8:10  SCV x2  
  102  8:18  Marine x2, Marauder x2  
  102  8:19  Orbital Command  
  108  8:28  Viking x2  
  110  8:39  Marine x2  
  112  8:41  Marauder  
  112  8:42  Marauder, Ghost Academy, SCV x2  
  118  8:48  Orbital Command  
  118  8:50  Widow Mine, Barracks Reactor, Barracks Tech Lab  
  118  8:51  Widow Mine  
  116  9:04  Marine, Marauder x2  
  116  9:06  Marine  
  116  9:08  SCV x2  
  122  9:16  Widow Mine  
  122  9:17  Widow Mine  
  126  9:19  Viking x2  
  126  9:20  SCV x2  
  126  9:23  SCV  
  123  9:33  SCV x2  
  123  9:35  Marine x4  
  127  9:39  Ghost x2  
  127  9:40  Ghost  
  131  9:47  Supply Depot  
  131  9:48  Supply Depot x2  
  131  9:49  Widow Mine x2  
  135  9:56  Viking x2  
  135  9:59  Marine x3  
  125  10:24  Marine  
  125  10:25  Marauder  
  125  10:28  Marauder  
  110  10:33  Marauder  
  110  10:34  Marine x2  
  110  10:35  Marine  
  94  10:36  SCV x2  
  91  10:46  Marauder  
  91  10:49  Marauder, Marine  
  86  10:50  Viking x2  
  86  10:52  Marine  
  86  10:53  SCV  
  86  10:54  Marauder  
  93  10:57  SCV  
  93  11:00  Marine x2  
  93  11:02  Widow Mine x2  
  97  11:11  Orbital Command  
  97  11:14  Ghost x3  
  97  11:16  Marine  
  97  11:17  Marine  
  106  11:21  Marine  
  106  11:22  Marine  
  106  11:24  SCV  
  106  11:25  SCV  
  107  11:38  Viking x2  
  109  11:41  SCV x2  
  109  11:47  Marine x4  
  111  11:51  Marauder  
  111  11:53  Marauder  
  117  12:00  Marine  
  116  12:03  Concussive Shells  
  116  12:08  Marine x2  
  109  12:12  SCV x2  
  109  12:13  Marauder  
  109  12:15  Marauder  
  115  12:20  Medivac x2  
  115  12:21  SCV  
  120  12:28  Marine x4  
  124  12:33  SCV x2  
  125  12:39  Marauder x2  
  129  12:47  Marine x2  
  129  12:50  Medivac x2  
  132  13:03  Marauder  
  134  13:07  Marauder x2  
  134  13:08  Marine x3  
  134  13:12  Supply Depot  
  141  13:14  Supply Depot  
  141  13:20  Viking  
  141  13:22  Marine  
  141  13:26  Viking  
  144  13:36  Marauder x3, Supply Depot  
  144  13:41  Refinery x2  
  150  13:45  Supply Depot  
  150  13:49  SCV x2  
  152  13:57  Ghost  
  152  14:00  Ghost  
  156  14:06  Ghost  
  157  14:15  Marine x2  
  157  14:16  Marine x2  
  163  14:25  Liberator x2  
  163  14:31  SCV x2  
  168  14:41  Marauder x2, Marine x2  
  174  14:49  Supply Depot x2  
  174  14:50  Marine  
  175  14:57  Marauder, Marine  
  175  14:59  Marine  
Show
View Real Time Build Order
Export as new Build Order

Firefly Protoss - Winner!

Build Orders: 1 Gate Expand, Phoenix Opening, Blink Stalkers, Colossus Rush 

Get SALT Encoding   

  12  0:00  Probe  
  13  0:12  Probe  
  14  0:17  Pylon  
  14  0:24  Probe  
  15  0:37  Gateway  
  15  0:38  Probe (Chrono Boost)  
  16  0:47  Probe (Chrono Boost)  
  16  0:48  Assimilator  
  17  0:52  Probe (Chrono Boost)  
  18  1:04  Probe  
  19  1:17  Probe  
  20  1:23  Nexus  
  20  1:35  Cybernetics Core  
  20  1:38  Probe  
  21  1:43  Assimilator  
  21  1:50  Probe (Chrono Boost)  
  21  1:53  Pylon  
  22  2:02  Probe (Chrono Boost)  
  23  2:10  Probe (Chrono Boost)  
  23  2:11  Warp Gate, Sentry (Chrono Boost)  
  26  2:19  Probe  
  27  2:25  Stalker (Chrono Boost)  
  29  2:35  Probe x2 (Chrono Boost)  
  31  2:38  Phoenix  
  31  2:39  Twilight Council  
  32  2:45  Probe (Chrono Boost)  
  32  2:47  Probe (Chrono Boost)  
  32  2:49  Shield Battery  
  32  2:50  Probe  
  33  2:55  Probe  
  35  3:02  Gateway  
  35  3:10  Probe  
  35  3:12  Gateway  
  36  3:16  Blink  
  36  3:17  Probe  
  37  3:26  Probe  
  38  3:29  Robotics Facility  
  38  3:30  Probe  
  39  3:38  Probe  
  40  3:42  Probe  
  41  3:51  Pylon  
  41  3:53  Probe (Chrono Boost)  
  41  3:54  Probe (Chrono Boost)  
  43  3:58  Nexus  
  43  4:00  Pylon, Oracle  
  43  4:05  Probe (Chrono Boost)  
  43  4:06  Probe (Chrono Boost)  
  43  4:07  Assimilator  
  45  4:13  Probe (Chrono Boost)  
  45  4:15  Probe (Chrono Boost), Assimilator  
  45  4:16  Observer  
  48  4:18  Probe (Chrono Boost)  
  48  4:23  Probe  
  50  4:30  Stalker x3  
  56  4:31  Probe  
  56  4:35  Probe  
  58  4:43  Probe  
  58  4:45  Forge, Robotics Bay  
  59  4:49  Probe  
  60  4:53  Pylon  
  60  4:58  Probe  
  61  5:01  Probe  
  61  5:03  Pylon  
  62  5:12  Protoss Ground Weapons Level 1  
  62  5:22  Extended Thermal Lance, Charge  
  62  5:25  Gateway  
  62  5:27  Gateway  
  62  5:28  Colossus (Chrono Boost)  
  62  5:31  Gateway  
  68  5:36  Gateway  
  68  5:41  Gateway  
  68  5:44  Pylon  
  68  5:51  Shield Battery  
  68  5:55  Pylon  
  68  5:57  Probe, Shield Battery  
  68  5:58  Sentry x2  
  68  5:59  Zealot  
  75  6:04  Pylon  
  75  6:08  Pylon  
  75  6:11  Shield Battery  
  75  6:12  Colossus (Chrono Boost)  
  81  6:30  Pylon, Zealot x5  
  91  6:34  Stalker  
  91  6:45  Stalker x2  
  93  6:54  Stalker x3  
  99  7:02  Zealot x2  
  99  7:06  Zealot  
  88  7:23  Stalker x2  
  88  7:24  Zealot x2, Stalker x2  
  88  7:27  Zealot  
  81  7:43  Zealot  
  79  7:53  Nexus  
  79  7:59  Warp Prism (Chrono Boost)  
  79  8:04  Protoss Ground Armor Level 1 (Chrono Boost)  
  81  8:09  Zealot  
  81  8:12  Sentry x2  
  87  8:16  Zealot  
  89  8:26  Probe  
  89  8:27  Probe  
  91  8:29  Colossus (Chrono Boost)  
  97  8:41  Zealot x2  
  101  8:54  Stalker x2  
  105  8:59  Zealot x2  
  105  9:10  Probe x2  
  105  9:16  Observer (Chrono Boost)  
  107  9:28  Stalker x3  
  107  9:30  Zealot  
  107  9:31  Sentry  
  107  9:32  Sentry  
  108  9:40  Zealot x2  
  112  9:52  Stalker x2  
  116  9:53  Stalker  
  118  10:03  Zealot x2  
  122  10:07  Zealot  
  109  10:27  Zealot  
  109  10:28  Zealot x6  
  85  10:41  Zealot  
  71  10:54  Observer (Chrono Boost)  
  71  10:55  Stalker x4  
  80  10:59  Stalker  
  80  11:03  Probe x3 (Chrono Boost)  
  88  11:12  Probe x3 (Chrono Boost)  
  88  11:16  Observer (Chrono Boost)  
  88  11:28  Nexus  
  88  11:29  Probe x2  
  90  11:35  Probe  
  90  11:36  Pylon  
  89  11:41  Probe x2  
  91  11:47  Probe  
  91  11:48  Colossus  
  91  11:52  Pylon  
  91  11:53  Probe x2  
  100  11:58  Protoss Ground Weapons Level 2 (Chrono Boost)  
  100  11:59  Probe  
  98  12:19  Shield Battery  
  98  12:21  Pylon  
  98  12:25  Stalker x6  
  98  12:27  Zealot, Sentry  
  114  12:44  Colossus (Chrono Boost)  
  114  12:50  Probe x3  
  121  12:59  Zealot  
  121  13:00  Zealot x3, Sentry x2  
  121  13:01  Zealot, Sentry  
  133  13:20  Zealot, Stalker x3, Shield Battery  
  133  13:26  Disruptor (Chrono Boost)  
  141  13:31  Zealot x4  
  144  13:40  Gateway  
  144  13:43  Pylon  
  144  13:45  Pylon  
  144  13:50  Stalker x4  
  144  13:51  Zealot x2  
  144  13:52  Zealot  
  158  13:56  Zealot  
  158  14:16  Stalker  
  158  14:17  Zealot x5, Stalker x2  
  162  14:21  Pylon  
  170  14:36  Zealot  
  172  14:40  Zealot x7  
  172  14:42  Zealot  
  186  14:54  Pylon  
  186  14:57  Pylon  
  167  15:10  Zealot x3  
  167  15:11  Zealot x6  
Tags
 
Add a new tag
Caveats
  • Supply blocks, unpowered buildings, or Contaminate may cause inaccurate times.
  • Supply counts are checked every 10 seconds.